 Dungeon Crawl Stone Soup version 0.31.0-1-g2c135a0 (webtiles) character file.

Game seed: 17764517909097739505

469 jagoly the Chopper (level 7, -3/44 HPs)
             Began as a Gargoyle Monk on Feb 2, 2024.
             Was a Believer of the Shining One.
             Splashed by a jelly's acid (8 damage)
             ... on level 5 of the Dungeon.
             The game lasted 00:11:15 (1774 turns).

jagoly the Chopper (Gargoyle Monk)                  Turns: 1774, Time: 00:11:16

Health: -3/44      AC:  0    Str: 16    XL:     7   Next: 9%
Magic:  7/7        EV:  8    Int: 11    God:    the Shining One [**....]
Gold:   276        SH:  0    Dex: 12    Spells: 6/6 levels left

rFire   . . .        a - +0 war axe
rCold   . . .        d - orb {light}
rNeg    + + .        i - +0 chain mail
rPois   ∞            (no helmet)
rElec   +            x - +0 cloak
rCorr   .            (no gloves)
SInv    .            j - +0 pair of boots
Will    .....        (no amulet) Stlth
                     (no ring)
HPRegen 0.27/turn    (no ring)
MPRegen 0.10/turn

%: no passive effects
@: corroded, glowing
A: sickness immunity, AC +4, negative energy resistance 1, electricity
resistance, torment resistance 1, petrification resistance
a: Renounce Religion, Divine Shield


You were on level 5 of the Dungeon.
You worshipped the Shining One.
The Shining One was pleased with you.
You visited 1 branch of the dungeon, and saw 5 of its levels.

You collected 276 gold pieces.

Inventory:

Hand Weapons
 a - a +0 war axe (weapon)
 y - a +0 trident
Missiles
 f - 28 stones (quivered)
 t - 5 poisoned darts
 v - 4 boomerangs
Armour
 b - a +0 robe
 d - an orb of light (worn)
 h - a +0 ring mail
 i - a +0 chain mail (worn)
 j - a +0 pair of boots (worn)
 x - a +0 cloak (worn)
Wands
 w - a wand of polymorph (11)
Scrolls
 e - a scroll of vulnerability {unknown}
 k - a scroll of revelation {unknown}
 m - a scroll of brand weapon {unknown}
 n - a scroll of butterflies {unknown}
 r - 5 scrolls of identify {unknown}
 s - a scroll of poison {unknown}
 u - a scroll of enchant armour {unknown}
Potions
 c - 2 potions of ambrosia
 g - 2 potions of haste {unknown}
 l - a potion of curing {unknown}
 o - a potion of heal wounds {unknown}
 p - 2 potions of degeneration {unknown}
 q - 2 potions of might {unknown}
 z - a potion of resistance {unknown}
 A - a potion of lignification {unknown}


   Skills:
 + Level 5.0 Fighting
 * Level 5.1 Axes
 + Level 3.4 Armour
 - Level 3.0 Dodging


You had 6 spell levels left.
You didn't know any spells.
Your spell library contained the following spells:

 Spells                   Type           Power      Damage    Failure   Level
 Foxfire                  Conj/Fire      0%         2x1d4     99%         1
 Stone Arrow              Conj/Erth      0%         3d7       100%        3
 Animate Armour           Summ/Erth      0%         N/A       100%        4
 Plasma Beam              Fire/Air       0%         2x1d10    100%        6
 Starburst                Conj/Fire      0%         6d3       100%        6
 Lehudib's Crystal Spear  Conj/Erth      0%         10d2      100%        8


Dungeon Overview and Level Annotations

Branches:
Dungeon (4/15) Zot: 26816
 Temple: D:4-7

Altars:
Ru
Sif Muna
Uskayaw
The Shining One

Shops:
D:4 *


Innate Abilities, Weirdness & Mutations

You are immune to sickness and miasma.
Your stone body is resilient. (AC +4)
You are immune to poison.
You resist negative energy. (rN+)
You are resistant to electric shocks. (rElec)
You are resistant to unholy torment.
You are immune to petrification.


Message History

You hit the giant cockroach.
The giant cockroach is almost dead.
The giant cockroach bites you but does no damage.
You hit the giant cockroach but do no damage.
The giant cockroach is almost dead.
The giant cockroach bites you but does no damage.
The giant cockroach closely misses you.
You slash the giant cockroach!
You kill the giant cockroach!
No target in view!
You open the door.
Found 5 stones.
Found a hide-covered altar of Uskayaw.
There is an open door here.
You see here 5 stones.
f - 25 stones (gained 5)
The white imp shouts!
There is an open door here.
Found a book of Armaments.
The white imp spits at you. The white imp gestures at you.
The puff of frost hits you!
The white imp hits you but does no damage.
You barely miss the white imp.
The white imp hits you but does no damage.
The white imp gestures at you. The puff of frost hits you!
You hit the white imp.
The white imp is moderately wounded.
The white imp barely misses you.
You slash the white imp!
You kill the white imp!
The Shining One accepts your kill.
You pick up a book of Armaments and begin reading...
You add the spells Stone Arrow, Animate Armour and Lehudib's Crystal Spear to your library.
You now have 231 gold pieces (gained 17).
There are no items here.
r - 3 scrolls labelled XIEKHON GUST (gained 1)
Found 5 poisoned darts.
You see here 5 poisoned darts.
t - 5 poisoned darts An endoplasm comes into view.
An endoplasm is nearby!
The endoplasm hits you but does no damage.
You hit the endoplasm but do no damage.
The endoplasm hits you but does no damage.
The endoplasm closely misses you.
You hit the endoplasm.
The endoplasm is moderately wounded.
The endoplasm freezes you.
You are frozen.
You slash the endoplasm!
You kill the endoplasm!
No target in view!
Found a viscous white potion.
Found a stone staircase leading up.
q - 2 viscous white potions (gained 1)
There is a stone staircase leading up here.
You climb upwards.
There is a stone staircase leading down here.
There is a stone staircase leading up here.
You climb upwards.
Level annotation: Sigmund
There is a stone staircase leading down here.
You can't go up here!
You climb downwards.
There is a stone staircase leading up here.
You see here a hobgoblin skeleton.
There is a stone staircase leading up here.
You climb upwards.
Level annotation: Sigmund The rat squeaks loudly.
There is a stone staircase leading down here.
The rat bites you but does no damage.
You completely miss the rat. The rat bites you but does no damage.
You hit the rat.
The rat is severely wounded.
The rat bites you but does no damage.
You hit the rat.
You kill the rat!
No target in view!
Found a scroll labelled XIEKHON GUST.
You see here a rat corpse.
Found 5 stones.
Found a potion of ambrosia and a scroll labelled UDADISSIVO.
Found a spear.
Sigmund shouts!
Sigmund zaps a wand.
You turn into a bat.
Your +0 war axe melds into your body.
Your +0 pair of boots melds into your body.
Your orb of light melds into your body.
Your +0 chain mail melds into your body.
Found a book of Fire.
Found an escape hatch in the ceiling.
You see here a scroll labelled XIEKHON GUST.
r - 4 scrolls labelled XIEKHON GUST (gained 1)
A rat comes into view.
The rat squeaks loudly.
A bat comes into view.
The frilled lizard hisses angrily.
You see here a scroll labelled UDADISSIVO.
u - a scroll labelled UDADISSIVO The bat hits you.
Found 10 gold pieces.
The bat misses you.
Found 14 gold pieces.
The bat attacks as it pursues you! The bat closely misses you.
The rat attacks as it pursues you! The rat completely misses you.
The bat closely misses you.
You see here a book of Fire.
You pick up a book of Fire and begin reading...
You add the spells Foxfire, Plasma Beam and Starburst to your library.
The bat barely misses you.
Sigmund casts a spell.
Sigmund flickers and vanishes!
Deactivating autopickup; reactivate with Ctrl-A.
The rat misses you.
The frilled lizard attacks as it pursues you!
The frilled lizard misses you. The bat hits you.
You see here 10 gold pieces.
You now have 241 gold pieces (gained 10).
The bat misses you. The bat hits you. The bat completely misses you.
The bat attacks as it pursues you! The bat hits you.
The bat closely misses you.
Found 4 boomerangs.
You see here 14 gold pieces.
You now have 255 gold pieces (gained 14).
A frilled lizard comes into view.
The frilled lizard hisses angrily.
You see here 4 boomerangs.
v - 4 boomerangs The frilled lizard bites you.
Your transformation is almost over.
The frilled lizard closely misses you. The bat completely misses you.
You see here a potion of ambrosia.
c - 2 potions of ambrosia (gained 1)
The bat hits you.
You feel less batty.
Your +0 war axe unmelds from your body.
Your +0 pair of boots unmelds from your body.
Your orb of light unmelds from your body.
Your +0 chain mail unmelds from your body.
You see here 5 stones.
f - 30 stones (gained 5)
The bat misses you. The bat hits you but does no damage.
The bat closely misses you. The bat barely misses you.
The frilled lizard hisses.
You hear a zap.
You turn into a bat.
Your +0 war axe melds into your body.
Your +0 pair of boots melds into your body.
Your orb of light melds into your body.
Your +0 chain mail melds into your body.
The bat closely misses you.
There is a stone staircase leading up here.
Press: ? - help, v - describe, . - travel The floor.
This square is lit by a halo.
There is a stone staircase leading up here.
You fly upwards.
Reactivating autopickup.
There is a stone staircase leading down here.
You reach down and open the door.
There is an open door here.
Your transformation is almost over.
You feel less batty.
Your +0 war axe unmelds from your body.
Your +0 pair of boots unmelds from your body.
Your orb of light unmelds from your body.
Your +0 chain mail unmelds from your body.
A bat comes into view.
The bat hits you but does no damage.
You hit the bat.
You kill the bat!
There is an open door here.
There is a stone staircase leading down here.
You climb downwards.
Level annotation: Sigmund
There is a stone staircase leading up here.
The frilled lizard bites you but does no damage.
You slash the frilled lizard!
You kill the frilled lizard!
The bat closely misses you.
The frilled lizard hisses.
The bat hits you but does no damage. x2
You see here a frilled lizard corpse.
You hit the bat but do no damage. The bat barely misses you.
The bat hits you but does no damage. The bat barely misses you.
You closely miss the bat. The bat barely misses you.
The bat hits you but does no damage. The bat barely misses you.
You slash the bat!
You kill the bat!
The rat bites you but does no damage.
You hit the rat.
You kill the rat!
You hit the frilled lizard.
You kill the frilled lizard!
No target in view!
Things that are here:
a frilled lizard corpse; a bat corpse Sigmund hits you with a +0 scythe.
You barely miss Sigmund. Sigmund hits you but does no damage.
You closely miss Sigmund. Sigmund casts a spell at you.
The puff of flame hits you but does no damage.
You hit Sigmund.
Sigmund is lightly wounded.
Sigmund points at you and mumbles some strange words.
You are confused.
You're too confused to move!
Sigmund barely misses you.
You bump into the rock wall.
You closely miss Sigmund.
Sigmund is lightly wounded.
Sigmund hits you with a +0 scythe.
You bump into the rock wall.
Sigmund zaps a wand.
You turn into an insubstantial wisp.
Your +0 war axe melds into your body.
Your +0 pair of boots melds into your body.
Your orb of light melds into your body.
Your +0 chain mail melds into your body.
You are illuminated by a small divine halo.
You are confused.
You are an insubstantial wisp.
You are flying.
You are glowing.
Your flying speed is average.
Your attack delay is about 0.9.
Your damage rating with unarmed combat is about 7 (Base [6 + 0 (UC)] x 115% (Str) x 107% (Fight)).
Unknown command.
Press: ? - help, v - describe, . - travel
Here: Sigmund, wielding a +0 scythe, wearing a +0 robe and carrying a wand of polymorph (lightly wounded, haloed)
The floor.
You are too confused!
You bump into the rock wall.
Sigmund misses you.
You touch Sigmund but do no damage.
Sigmund is lightly wounded.
You feel less confused. Sigmund completely misses you.
You touch Sigmund.
Sigmund is lightly wounded.
You touch Sigmund.
Sigmund is moderately wounded.
Sigmund misses you.
You touch Sigmund.
Sigmund is heavily wounded.
You barely miss Sigmund.
Sigmund is heavily wounded.
Sigmund hits you with a +0 scythe.
You touch Sigmund.
Sigmund is heavily wounded.
Sigmund barely misses you.
You touch Sigmund but do no damage.
Sigmund is heavily wounded.
You touch Sigmund.
Sigmund is severely wounded.
Your transformation is almost over.
Sigmund closely misses you.
You touch Sigmund.
Sigmund is severely wounded.
You barely miss Sigmund.
Sigmund is severely wounded.
Sigmund misses you.
You touch Sigmund.
Sigmund is severely wounded.
Sigmund closely misses you.
You touch Sigmund!
Sigmund is almost dead.
You touch Sigmund.
You kill Sigmund!
Your Armour skill increases to level 3!
You have reached level 6!
w - a wand of polymorph (11)
Things that are here:
a +0 scythe; a +0 robe; the human corpse of Sigmund You condense into your normal self.
Your +0 war axe unmelds from your body.
Your +0 pair of boots unmelds from your body.
Your orb of light unmelds from your body.
Your +0 chain mail unmelds from your body.
You see here a rat skeleton.
There is a stone staircase leading down here.
You climb downwards.
There is a stone staircase leading up here.
HP restored.
Found 13 gold pieces.
You now have 268 gold pieces (gained 13).
You enter the shallow water.
Moving in this stuff is going to be slow.
Found a dagger.
An orc comes into view. It is wielding a +0 short sword.
The orc shouts!
Found a cloak.
The orc hits you but does no damage.
You barely miss the orc. The orc hits you but does no damage.
The orc barely misses you.
You barely miss the orc. The orc hits you but does no damage.
You barely miss the orc. The orc hits you with a +0 short sword.
You hit the orc.
The orc is moderately wounded.
The orc hits you but does no damage.
You barely miss the orc.
The orc is moderately wounded.
The orc closely misses you. The orc hits you but does no damage.
You hit the orc but do no damage.
The orc is moderately wounded.
The orc hits you but does no damage.
You barely miss the orc.
The orc is moderately wounded.
The orc closely misses you.
You barely miss the orc.
The orc is moderately wounded.
The orc closely misses you.
You hit the orc.
The orc is heavily wounded.
The orc closely misses you. The orc hits you but does no damage.
You barely miss the orc.
The orc is heavily wounded.
The orc hits you but does no damage.
You slash the orc!
You kill the orc!
Things that are here:
a +0 short sword; an orc corpse
Found 8 gold pieces.
You see here a +0 cloak.
You see here a +0 cloak.
You start putting on your armour.
You continue putting on your +0 cloak. x4
You finish putting on your +0 cloak.
You now have 276 gold pieces (gained 8).
Things that are here:
a +0 short sword; an orc corpse
There is a shaft here.
You fall into a shaft and drop 2 floors!
The shaft crumbles and collapses.
Found a scroll labelled XIEKHON GUST.
r - 5 scrolls labelled XIEKHON GUST (gained 1)
You open the door.
There is an open door here.
Found a short jewelled staff.
You hear a distant slurping noise.
You open the door.
A hound comes into view.
The hound barks!
A shadow imp comes into view.
Found a leather armour.
A jelly comes into view.
The jelly quivers.
The shadow imp shouts!
The jelly hits you but does no damage.
There is an open door here.
The hound stops to sniff the ground.
The jelly attacks as it pursues you! The jelly closely misses you.
There is an open door here.
You closely miss the hound. The hound closely misses you.
You hit the hound but do no damage.
The hound bites you but does no damage. x2
You barely miss the hound. The hound barely misses you.
The hound bites you but does no damage.
You closely miss the hound.
The hound bites you but does no damage. x2
You hit the hound but do no damage. The hound completely misses you.
The hound barely misses you.
You hit the hound.
The hound is moderately wounded.
The hound bites you but does no damage.
You hear a distant slurping noise.
The hound barely misses you.
You hit the hound.
The hound is heavily wounded.
The hound barely misses you. The hound bites you but does no damage.
You barely miss the hound.
The hound is heavily wounded.
The hound bites you but does no damage.
The shadow imp lashes its tail.
The hound bites you but does no damage.
You slash the hound!
You kill the hound!
The shadow imp closely misses you.
You hit the shadow imp.
The shadow imp is moderately wounded.
The shadow imp closely misses you.
You slash the shadow imp!
You kill the shadow imp!
The Shining One accepts your kill.
Your Axes skill increases to level 5!
You hit the jelly.
Your hands burn!
The jelly is moderately wounded.
The jelly hits you but does no damage. The jelly barely misses you.
You hit the jelly.
Your hands burn!
The jelly is heavily wounded.
The jelly closely misses you.
You completely miss the jelly.
The jelly is heavily wounded.
The jelly barely misses you.
You hit the jelly.
Your hands burn!
The jelly is heavily wounded.
The jelly hits you but does no damage.
You slash the jelly!
You kill the jelly!
You have reached level 7!
There is an open door here.
You see here a hound corpse.
A dart slug comes into view.
The dart slug launches a dart at you.
The slug dart hits you but does no damage.
The dart slug launches a dart at you.
The slug dart hits you but does no damage.
The dart slug launches a dart at you.
The slug dart hits you but does no damage.
There is an open door here.
You slash the dart slug!
You kill the dart slug!
Found a whip.
You see here a dart slug corpse.
Found a leather armour.
Found an escape hatch in the floor.
You see here a +0 whip.
You hear a distant slurping noise.
Found a trident.
You see here a +0 trident.
y - a +0 trident You hear a distant slurping noise.
You hear a distant slurping noise.
Found a smoky brown potion.
z - a smoky brown potion
Found a murky ruby potion.
A - a murky ruby potion A hound comes into view.
Throw: 30 stones
Press: ? - help, Q - select action, (/) - cycle Shift-Dir - straight line, f - hound
Aim: a hound (wandering, hasn't noticed you, 43% to hit)
You throw a stone. The stone closely misses the hound.
The hound barks!
You slash the hound!
The hound is heavily wounded.
The hound completely misses you.
You slash the hound!
You kill the hound!
Your Fighting skill increases to level 5!
No target in view!
A jelly comes into view.
The jelly quivers.
Throw: 29 stones
Press: ? - help, Q - select action, (/) - cycle Shift-Dir - straight line, f - jelly
Aim: a jelly (haloed, 97% to hit)
You throw a stone. The stone hits the jelly.
The jelly is lightly wounded.
You hit the jelly. The acid corrodes you!
Your hands burn!
The jelly is moderately wounded.
The jelly barely misses you. x2
You slash the jelly!
Your hands burn!
The jelly is heavily wounded.
The jelly barely misses you.
You hit the jelly but do no damage.
Your hands burn!
The jelly is heavily wounded.
The jelly barely misses you.
You hit the jelly.
Your hands burn!
The jelly is heavily wounded.
The jelly hits you but does no damage.
You hit the jelly.
Your hands burn!
The jelly is severely wounded.
The jelly hits you. The acid corrodes you!
You are splashed with acid.
* * * LOW HITPOINT WARNING * * *
You hit the jelly.
Your hands burn!
* * * LOW HITPOINT WARNING * * *
The jelly is severely wounded.
The jelly hits you but does no damage. x2
You hit the jelly. The acid corrodes you!
Your hands burn!
* * * LOW HITPOINT WARNING * * *
The jelly is almost dead.
The jelly hits you.
* * * LOW HITPOINT WARNING * * *
You are splashed with acid!
* * * LOW HITPOINT WARNING * * *
Okay, then.
Okay, then.
Throw: 4 boomerangs
Press: ? - help, Shift-Dir - straight line, f/p - jelly
Aim: a jelly (almost dead, haloed, 97% to hit)
You throw a boomerang.
The boomerang hits the jelly but does no damage.
The jelly is almost dead.
The jelly barely misses you.
Okay, then.
Throw: 4 boomerangs
Press: ? - help, Shift-Dir - straight line, f/p - jelly
Aim: a jelly (almost dead, haloed, 97% to hit)
You throw a boomerang.
The boomerang hits the jelly but does no damage.
The jelly is almost dead.
The jelly hits you but does no damage. The jelly barely misses you.
Okay, then.
Okay, then.
Unknown command.
You are illuminated by a small divine halo.
You are corroded.
You are glowing.
Your movement speed is average.
Your attack delay is about 1.2.
Your damage rating with your +0 war axe is about 15 (Base 11 x 115% (Str) x 119% (Skill)).
Unknown command.
Unknown command.
Cleave: a) +0 war axe
Press: ? - help, Dir - move target, f/p - jelly
Aim: a jelly (almost dead, haloed, about 3% to evade your +0 war axe)
You hit the jelly but do no damage. The acid corrodes you!
Your hands burn!
* * * LOW HITPOINT WARNING * * *
The jelly is almost dead.
The jelly hits you.
* * * LOW HITPOINT WARNING * * *
You are splashed with acid!
You die...

#...# .#
##.##
#..###.# .#
##..#..# .#
##...# ##.##
###.# ##.#.#
.
##....###....
#....@J......
##....###....
##.#.# ..
###.# ..# ###


You could see a jelly.

Vanquished Creatures
  Sigmund (D:2)
  3 hounds
  2 jellies
  An orc wizard (D:3)
  2 adders (D:4)
  A shadow imp (D:5)
  A white imp (D:4)
  2 ribbon worms
  4 dart slugs
  5 orcs (D:3)
  7 ball pythons
  11 endoplasms
  3 giant cockroaches
  3 goblins
  8 hobgoblins
  5 jackals
  3 quokkas
  4 bats
  2 frilled lizards (D:2)
  5 kobolds
  7 rats
80 creatures vanquished.

Notes
Turn   | Place    | Note
-------+----------+-------------------------------------------
     0 | D:1      | jagoly the Gargoyle Monk began the quest for the Orb.
     0 | D:1      | Reached XP level 1. HP: 14/14 MP: 1/1
    40 | D:1      | Reached XP level 2. HP: 19/19 MP: 2/2
   194 | D:1      | Reached skill level 1 in Armour
   204 | D:1      | Reached XP level 3. HP: 19/23 MP: 3/3
   439 | D:4      | Noticed a +0 dagger
   439 | D:4      | Noticed a +0 falchion
   439 | D:4      | Noticed a +0 falchion
   439 | D:4      | Noticed a +0 short sword
   440 | D:4      | Noticed a +0 spear
   440 | D:4      | Noticed a +0 dagger
   441 | D:4      | Noticed a +0 spear
   441 | D:4      | Noticed a +0 short sword
   462 | D:3      | Reached XP level 4. HP: 17/29 MP: 4/4
   483 | D:3      | Found a shimmering blue altar of Sif Muna.
   681 | D:3      | Found a sacrificial altar of Ru.
   758 | D:3      | Found a glowing golden altar of the Shining One.
   763 | D:3      | Became a worshipper of the Shining One
   763 | D:3      | Reached * piety under the Shining One
   763 | D:3      | Reached ** piety under the Shining One
   778 | D:2      | Noticed Sigmund
   783 | D:3      | Reached XP level 5. HP: 33/33 MP: 5/5
   891 | D:4      | Found Qemole's General Store.
   982 | D:4      | Found a hide-covered altar of Uskayaw.
  1440 | D:2      | Killed Sigmund
  1441 | D:2      | Reached XP level 6. HP: 32/40 MP: 6/6
  1599 | D:3      | You fall into a shaft and drop 2 floors!
  1599 | D:5      | Entered Level 5 of the Dungeon
  1631 | D:5      | Reached skill level 5 in Axes
  1636 | D:5      | Reached XP level 7. HP: 37/44 MP: 7/7
  1749 | D:5      | Reached skill level 5 in Fighting
  1774 | D:5      | Splashed by a jelly's acid

Illustrated notes

Levels and vault maps discovered:
D:1:      sevenhm_arrival_forest_fort_small_3, layout_basic
D:2:      layout_rooms, uniq_sigmund
D:3:      layout_rooms, nicolae_ru_sacrificial_ziggurat,
          mainiacjoe_overflow_cross_hatched, amcnicky_altar_gilded,
          serial_rivers, chequers_serial_rivers_large_b,
          chequers_serial_rivers_room_a, chequers_serial_rivers_micro_a,
          chequers_serial_rivers_micro_a, chequers_serial_rivers_micro_b,
          chequers_serial_rivers_micro_c
D:4:      layout_loops_ring, nicolae_uskayaw_en_pointe,
          mainiacjoe_overflow_brackets, fedhas_altar_4, serial_shops, shop,
          minmay_increasing_density
D:5:      layout_loops_corners, nicolae_qazlal_scattered_showers,
          minmay_temple_entry_offerings

Skill      XL: |  1  2  3  4  5  6  7 |
---------------+----------------------+-----
Axes           | 3 4 5 |  5.1
Armour         | 1 3 |  3.4
Fighting       | 4 5 |  5.0
Dodging        | 3 |  3.0

Action                     |  1- 3 |  4- 6 |  7- 9 || total
---------------------------+-------+-------+-------++-------
  Melee: Hand axe          |    72 |    27 |       ||    99
         War axe           |       |   114 |    11 ||   125
         Unarmed           |       |    13 |       ||    13
  Throw: Stone             |     1 |     1 |     2 ||     4
         Boomerang         |       |       |     2 ||     2
 Armour: Robe              |    24 |       |       ||    24
         Chain mail        |    21 |   129 |    10 ||   160
         Ring mail         |     1 |       |       ||     1
         Skin              |       |     7 |       ||     7
  Dodge: Dodged            |    39 |    81 |     7 ||   127
